 Dungeon Crawl Stone Soup version 0.31-a0-149-g3fdcc5976a (webtiles) character file.

Game seed: 10232527928926761477

3 Whirlpool the Conjurer (level 1, 0/10 HPs)
             Began as a Deep Elf Conjurer on June 8, 2023.
             Slain by a rat (1 damage)
             ... on level 1 of the Dungeon.
             The game lasted 00:03:07 (142 turns).

Whirlpool the Conjurer (Deep Elf Conjurer)           Turns: 142, Time: 00:03:07

Health: 0/10       AC:  2    Str:  4    XL:     1   Next: 41%
Magic:  5/6        EV: 12    Int: 22    God:
Gold:   0          SH:  0    Dex: 13    Spells: 5/6 levels left

rFire   . . .        (no weapon)
rCold   . . .        (no shield)
rNeg    . . .        a - +0 robe
rPois   .            (no helmet)
rElec   .            (no cloak)
rCorr   .            (no gloves)
SInv    .            (no boots)
Will    .....        (no amulet)
Stlth   +            (no ring)
HPRegen 0.21/turn    (no ring)
MPRegen 0.10/turn

%: no passive effects
@: very slow
A: no striking features
a: no special abilities


You were on level 1 of the Dungeon.
You visited 1 branch of the dungeon, and saw 1 of its levels.

Inventory:

Missiles
 d - 2 curare-tipped darts
Armour
 a - a +0 robe (worn)
Potions
 b - a potion of magic
 c - a potion of invisibility {unknown}
 e - a potion of attraction {unknown}


   Skills:
 + Level 0.1 Fighting
 + Level 2.5 Dodging
 + Level 2.5 Stealth
 + Level 3.0 Spellcasting
 + Level 4.4 Conjurations


You had 5 spell levels left.
You knew the following spells:

 Your Spells              Type           Power      Damage    Failure   Level
a - Magic Dart            Conj           88%        1d7       1%          1

Your spell library contained the following spells:

 Spells                   Type           Power      Damage    Failure   Level
 Searing Ray              Conj           44%        2d6       3%          2
 Dazzling Flash           Conj/Hex       26%        N/A       16%         3
 Fulminant Prism          Conj/Hex       6%         3d7       45%         4
 Iskenderun's Mystic Bla  Conj/Tloc      13%        2d5       45%         4


Dungeon Overview and Level Annotations

Branches:
Dungeon (1/15)

Altars:
Jiyva


Message History

Okay, then.
Really renounce your faith, foregoing its fabulous benefits?
Are you sure?
You have lost your religion!
Jiyva does not appreciate desertion!
All of your fellow slimes turn on you.
You enter the shallow water.
Moving in this stuff is going to be slow.
You enter the shallow water.
Moving in this stuff is going to be slow.
A frilled lizard comes into view.
A rat comes into view.
The frilled lizard hisses angrily.
The frilled lizard barely misses you.
You enter the shallow water.
Moving in this stuff is going to be slow.
The frilled lizard bites you. The frilled lizard barely misses you.
The frilled lizard bites you. The rat closely misses you.
The frilled lizard barely misses you. The frilled lizard misses you.
You open the gate.
A hobgoblin comes into view.
The frilled lizard barely misses you. The rat closely misses you.
The frilled lizard attacks as you move away!
The frilled lizard bites you but does no damage.
The hobgoblin shouts!
The frilled lizard barely misses you. The hobgoblin attacks as you move away!
The hobgoblin hits you.
Ouch! That really hurt!
* * * LOW HITPOINT WARNING * * *
You enter the shallow water.
Moving in this stuff is going to be slow.
The rat splashes around in the water.
The frilled lizard bites you.
* * * LOW HITPOINT WARNING * * *
The hobgoblin attacks as you move away!
The hobgoblin hits you but does no damage.
The frilled lizard hisses.
The frilled lizard barely misses you. The rat attacks as you move away!
The rat bites you.
You die...

### #..# #.#### #~. ~~.#
#.##.# #~~###~.# #....# #
#~8#..# ####.# ##~
####.~~.# #.#
###..##~~~.##.###### #.#
#....#~~~~.#.......####.#
#...~'~g~.~#~~...........
#...~'.r@._#.~...........
#....'~l~~~#.~...........
#...~#~~~.~#~~#####...#.#
#....##~~~~##~. ........
#...~.##~#.~#~. .........
#....~...#~8#.......#....
####...$.~### ......#....
#####~.~~ ......###.#
###....


You could see a hobgoblin, a frilled lizard and a rat.

Vanquished Creatures
  An endoplasm (D:1)
  A hobgoblin (D:1)
  A spectral kobold (D:1)
3 creatures vanquished.

Notes
Turn   | Place    | Note
-------+----------+-------------------------------------------
     0 | D:1      | Whirlpool the Deep Elf Conjurer began the quest for the
                  | Orb.
     0 | D:1      | Reached XP level 1. HP: 10/10 MP: 6/6
   107 | D:1      | Found a faded altar of an unknown god.
   119 | D:1      | Prayed at the altar of an unknown god.
   119 | D:1      | Became a worshipper of Jiyva Jauthusm the Shapeless
   119 | D:1      | Reached * piety under Jiyva
   120 | D:1      | Fell from the grace of Jiyva
   121 | D:1      | Became a worshipper of Jiyva Jauthusm the Shapeless
   122 | D:1      | Fell from the grace of Jiyva
   123 | D:1      | Became a worshipper of Jiyva Jauthusm the Shapeless
   124 | D:1      | Fell from the grace of Jiyva
   142 | D:1      | Slain by a rat

Illustrated notes

Levels and vault maps discovered:
D:1:      lightli_arrival_lavapool, layout_basic,
          dreamdust_ecumenical_altar_drowned_temple

Action                     || total
---------------------------++-------
   Cast: Magic Dart        ||    10
 Invoke: Renounce Religion ||     3
 Armour: Robe              ||     2
  Dodge: Dodged            ||    13

Table legend: (Time is in decaauts)
 A = Elapsed time spent in this place.
 B = Non-inter-level travel time spent in this place.
 C = Inter-level travel time spent in this place.
 D = Time resting spent in this place.
 E = Time spent auto-exploring this place.
 F = Levels seen in this place.
 G = Mean time per level.
                   A        B        C        D        E       F      G
               +--------+--------+--------+--------+--------+-----+--------+
         Total |    151 |    151 |      0 |     45 |     10 |   1 |  151.0 |
       Dungeon |    151 |    151 |      0 |     45 |     10 |   1 |  151.0 |
               +--------+--------+--------+--------+--------+-----+--------+

Top non-repeatable levels by time:
     D:1: 151 daAuts
